 Dungeon Crawl Stone Soup version 0.28-a0-661-g144af121cd (webtiles) character file.

Game seed: 5684617293295725319

144160 1994 the Warrior (level 16, -3/151 HPs)
             Began as a Demigod Ice Elementalist on Oct 14, 2021.
             Succumbed to an emperor scorpion's poison
             ... on level 3 of the Spider Nest.
             The game lasted 02:08:27 (35880 turns).

1994 the Warrior (Demigod Ice Elementalist)        Turns: 35880, Time: 02:08:28

Health: -3/151     AC: 16    Str:  8 (9)  XL:     16   Next: 31%
Magic:  4/38       EV: 14    Int: 36 (37) God:
Gold:   2560       SH: 13    Dex: 14      Spells: 22/40 levels left

rFire   . . .      SeeInvis +   a - +8 eveningstar (spect)
rCold   . . .      Faith    .   t - +2 kite shield {AC+3}
rNeg    . . .      Spirit   .   J - +3 troll leather armour {Snorg}
rPois   +          Reflect  .   u - +0 hat {Will+}
rElec   .          Harm     .   L - +1 cloak
rCorr   .          Rampage  .   D - +0 pair of gloves
Will    ++...                   o - +0 pair of boots
Stlth   ++........              U - amulet of magic regeneration
HPRegen 1.35/turn               Z - ring of see invisible
MPRegen 0.51/turn               G - ring of poison resistance

@: lethally poisoned (-3 -> -20), unable to drink
A: no potions, high mp 1, forlorn
a: no special abilities


You were on level 3 of the Spider Nest.
You visited 5 branches of the dungeon, and saw 27 of its levels.
You also visited: Sewer and Bailey.

You collected 2870 gold pieces.
You spent 310 gold pieces at shops.

Inventory:

Hand Weapons
 a - a +8 spectral eveningstar (weapon)
 b - a +0 spectral spear
Missiles
 C - 9 throwing nets
 E - 9 curare-tipped darts
 F - 69 poisoned darts (quivered)
Armour
 o - a +0 pair of boots (worn)
 s - a +0 leather armour of fire resistance
 t - a +2 kite shield of protection (worn)
 u - a +0 hat of willpower (worn)
 v - +0 storm dragon scales
 D - a +0 pair of gloves (worn)
 J - a +3 troll leather armour (worn) {Snorg}
 L - a +1 cloak (worn)
 Y - a +1 robe of cold resistance
Magical Staves
 c - a staff of death
Jewellery
 g - a ring of ice
 q - a +4 ring of protection
 G - a ring of poison resistance (right hand)
 U - an amulet of magic regeneration (around neck)
 Z - a ring of see invisible (left hand)
Wands
 i - a wand of mindburst (38)
 w - a wand of acid (9)
 A - a wand of polymorph (10)
 M - a wand of iceblast (62)
 N - a wand of paralysis (24)
 S - a wand of digging (3)
 X - a wand of flame (46)
Scrolls
 e - a scroll of teleportation
 h - a scroll of silence
 y - 2 scrolls of blinking
 I - 5 scrolls of fear
 K - 4 scrolls of immolation
 P - 6 scrolls of fog
 R - a scroll of summoning
 T - 7 scrolls of magic mapping
 V - 5 scrolls of identify
 W - a scroll of vulnerability
Potions
 d - 4 potions of heal wounds
 f - 5 potions of haste
 j - a potion of berserk rage
 k - 4 potions of brilliance
 l - 4 potions of attraction
 m - 8 potions of curing
 n - a potion of ambrosia
 p - 2 potions of invisibility
 r - 4 potions of might
 x - 2 potions of magic
 z - 6 potions of flight
 B - 3 potions of cancellation
 H - 2 potions of resistance
 O - a potion of lignification


   Skills:
 + Level 16.1 Fighting
 * Level 3.8 Maces & Flails
 + Level 8.5 Armour
 + Level 9.0 Dodging
 - Level 1.7 Stealth
 * Level 8.3 Shields
 + Level 12.8 Spellcasting
 - Level 5.0 Conjurations
 * Level 14.7 Ice Magic


You had 22 spell levels left.
You knew the following spells:

 Your Spells              Type           Power      Damage    Failure   Level
a - Freeze                Ice            100%       1d11      0%          1
b - Frozen Ramparts       Ice            100%       1d12      1%          3
c - Ozocubu's Armour      Ice            92%        N/A       1%          3
d - Hailstorm             Conj/Ice       76%        3d16      1%          4
e - Ozocubu's Refrigerat  Ice            46%        4d14      11%         7

Your spell library contained the following spells:

 Spells                   Type           Power      Damage    Failure   Level
 Foxfire                  Conj/Fire      100%       2x1d9     1%          1
 Ensorcelled Hibernation  Hex/Ice        100%       N/A       1%          2
 Ice Form                 Ice/Tmut       66%        N/A       2%          4
 Conjure Flame            Conj/Fire      41%        6-21      6%          3
 Metabolic Englaciation   Hex/Ice        33%        N/A       8%          5
 Slow                     Hex            23%        N/A       9%          2
 Sublimation of Blood     Necr           11%        N/A       9%          2
 Call Canine Familiar     Summ           23%        N/A       17%         3
 Confusing Touch          Hex            23%        N/A       17%         3
 Ignite Poison            Fire/Tmut/Pois 23%        N/A       17%         3
 Inner Flame              Hex/Fire       23%        N/A       17%         3
 Portal Projectile        Hex/Tloc       46%        N/A       17%         3
 Summon Guardian Golem    Hex/Summ       23%        N/A       17%         3
 Tukima's Dance           Hex            23%        N/A       17%         3
 Flame Wave               Conj/Fire      41%        3d8       21%         4
 Sticky Flame             Conj/Fire      41%        2d6       21%         4
 Animate Armour           Summ/Erth      46%        N/A       50%         4
 Cause Fear               Hex            11%        N/A       50%         4
 Leda's Liquefaction      Hex/Erth       11%        N/A       50%         4
 Petrify                  Tmut/Erth      23%        N/A       50%         4
 Irradiate                Conj/Tmut      20%        3d20      50%         5
 Yara's Violent Unravell  Hex/Tmut       11%        3d6       83%         5
 Dispersal                Tloc           11%        N/A       100%        6
 Statue Form              Tmut/Erth      15%        N/A       100%        6
 Disjunction              Tloc           11%        N/A       100%        8
 Chain Lightning          Conj/Air       20%        3d27      100%        9
 Polar Vortex             Ice            46%        N/A       100%        9


Dungeon Overview and Level Annotations

Branches:
Dungeon (15/15)            Temple (1/1) D:7            Lair (6/6) D:10
  Swamp (0/4) Lair:3       Spider (3/4) Lair:4        Slime (0/5) Lair:5
    Orc (2/2) D:11            Elf (0/3) Orc:2        Vaults (0/5) D:14
 Depths (0/4) D:15          Sewer (visited)          Bailey (visited)

Shops:
D:10 !   Orc:1 =   Orc:2 !(*?

Portals:
Trove: D:12 (show slimy rune of Zot)

Annotations:
Orc:2 +3 helm rf++ will- int+4


Innate Abilities, Weirdness & Mutations

You cannot drink.
Your attributes grow dramatically as you level up.
You have an increased reservoir of magic. (+10% MP)
You shall have no god before yourself.


Message History

Your +8 spectral eveningstar hits the ghost moth!!
You kill the ghost moth!
The jumping spider pounces on you!
You are caught in a web!
The jumping spider bites you but does no damage.
The emperor scorpion stings you!!
* * * LOW HITPOINT WARNING * * *
You are poisoned.
The emperor scorpion poisons you! The emperor scorpion claws you!
* * * LOW HITPOINT WARNING * * *
The emperor scorpion claws you but does no damage.
The jumping spider pounces on you.
* * * LOW HITPOINT WARNING * * *
The jumping spider bites you.
* * * LOW HITPOINT WARNING * * *
Unknown command.
Unknown command.
Unknown command.
Blink to where?
Press: ? - help, Dir - move target
Found 27 gold pieces and a scroll of teleportation.
As you read the scroll of blinking, it crumbles to dust.
* * * LOW HITPOINT WARNING * * *
You feel extremely sick.
The jumping spider leaps!
Unknown command.
Unknown command.
You cannot drink potions in your current state!
You sock the jumping spider!
The jumping spider is heavily wounded.
Your +8 spectral eveningstar barely misses the jumping spider.
You are no longer corroded.
* * * LOW HITPOINT WARNING * * *
You feel extremely sick.
The jumping spider completely misses you.
You block the jumping spider's attack.
The jumping spider leaps!
Unknown command.
Unknown command.
Unknown command.
Unknown command.
You die...

#≈s.................†
##...........s°†......
#........†..†.....s..†
......................
.........................
...$.....................
#........#...............
#^.....§#...............
#≈#..#^.@................
#^...........#.........
......≈.......^...^.....
^........................
...............^.........
.?.......^...............
#.^≈.........<.....^#....
##..............≈......^
........#.^#.......


There were no monsters in sight!

Vanquished Creatures
  Mlioglotl (Spider:2)
  2 ghost moths
  2 emperor scorpions (Spider:2)
  2 orc warlords (Orc:2)
  Louise (D:15)
  The ghost of Zueceuk the Severer, a journeyman HOFi of Qazlal (Lair:6)
  6 entropy weavers
  2 spark wasps
  A minotaur (Lair:6)
  Snorg (D:13)
  An ettin (Orc:2)
  A fire dragon (D:14)
  4 vault guards (D:14)
  13 hydras
  Harold (D:10)
  The ghost of KristoblXynda the Covert, a journeyman KoGl of Dithmenos (D:11)
  An ogre mage (D:15)
  4 boulder beetles
  3 death knights (D:14)
  9 centaur warriors
  Erica (D:10)
  2 tengu warriors (D:13)
  9 two-headed ogres
  2 catoblepae
  13 death yaks
  Sonja (Lair:4)
  A fire crab (shapeshifter) (D:12)
  6 skeletal warriors
  An orc knight (Bailey)
  2 wizards (D:15)
  A deep elf zephyrmancer (D:15)
  6 orb spiders
  The ghost of KristoblXynda the Ducker, a novice GnGl of Okawaru (D:6)
  A necromancer (D:15)
  3 deep elf pyromancers (D:14)
  2 cyclopes (D:7)
  A mana viper (shapeshifter) (D:14)
  7 wolf spiders
  6 orc sorcerers (Orc:2)
  4 ugly things
  Maurice (Orc:1)
  4 manticores
  A naga mage (D:15)
  2 black mambas
  3 torpor snails
  16 cane toads
  2 gargoyles (D:11)
  2 unseen horrors (D:11)
  9 komodo dragons
  2 freezing wraiths
  Maggie (D:7)
  4 rime drakes
  4 demonic crawlers
  17 jumping spiders
  A wind drake (shapeshifter) (D:14)
  6 polar bears (Lair:6)
  A tyrant leech (Lair:3)
  3 trolls
  A wolf spider simulacrum (D:15)
  8 hornets
  10 blink frogs (Lair:3)
  9 slime creatures
  33 dream sheep
  2 centaur simulacra
  69 yaks
  16 spriggans (Lair:6)
  33 redbacks
  A shadow (D:10)
  12 tarantellas
  3 wyverns
  A water elemental (D:14)
  2 wraiths
  The ghost of Musti the Skirmisher, an amateur DrFi (D:3)
  5 basilisks
  8 vampire mosquitoes
  2 steam dragons (D:7)
  3 acid dragons
  2 swamp worms (Lair:3)
  8 wargs
  19 water moccasins
  2 ice beasts (D:7)
  A sky beast (D:5)
  A hornet zombie (D:7)
  33 orc warriors
  8 black bears
  10 ogres
  3 necrophages
  3 boggarts (Lair:6)
  10 centaurs
  26 wolves
  A kobold brigand (D:3)
  A wyvern zombie (D:7)
  19 bullfrogs
  3 gnoll sergeants
  4 scorpions
  2 water moccasin skeletons
  2 wyvern skeletons
  3 killer bees (D:8)
  2 electric eels
  5 wights (D:8)
  4 howler monkeys
  2 bullfrog zombies
  2 hounds
  2 centaur zombies
  2 jellies
  5 centaur skeletons
  2 gnoll shamans
  17 orc priests
  2 bullfrog skeletons
  5 iguanas
  48 orc wizards
  2 killer bee zombies (D:8)
  2 howler monkey zombies
  27 gnolls
  4 howler monkey skeletons
  11 adders
  A river rat (D:6)
  A shadow imp (D:6)
  A white imp (D:7)
  4 worms
  The ghost of anet the Covert, a weakling GnDe (D:5)
  5 dart slugs
  93 orcs
  8 ball pythons
  An endoplasm (D:3)
  4 giant cockroaches
  9 goblins
  10 hobgoblins
  21 jackals
  6 quokkas
  5 bats
  5 frilled lizards
  19 kobolds
  6 rats
930 creatures vanquished.

Vanquished Creatures (others)
  15 bushes (D:14)
  40 fungi
  91 plants
146 creatures vanquished.

Grand Total: 1076 creatures vanquished

Notes
Turn   | Place    | Note
-------+----------+-------------------------------------------
     0 | D:1      | 1994 the Demigod Ice Elementalist began the quest for the
                  | Orb.
     0 | D:1      | Reached XP level 1. HP: 14/14 MP: 5/5
   233 | D:1      | Reached XP level 2. HP: 15/22 MP: 4/7
   601 | D:1      | Reached skill level 1 in Fighting
  1217 | D:1      | Reached XP level 3. HP: 28/28 MP: 6/8
  1225 | D:1      | Learned a level 3 spell: Frozen Ramparts
  2000 | D:2      | Reached XP level 4. HP: 34/35 MP: 5/10
  2198 | D:2      | Learned a level 3 spell: Ozocubu's Armour
  2822 | D:3      | Reached skill level 2 in Fighting
  2896 | D:3      | Found a runed translucent gate.
  2896 | D:3      | Found a runed translucent gate.
  2896 | D:3      | Found a runed translucent gate.
  2897 | D:3      | Noticed Musti's ghost (amateur DrFi)
  2897 | D:3      | Noticed a kobold brigand
  3128 | D:3      | Reached XP level 5. HP: 38/42 MP: 4/12
  3907 | D:4      | Reached XP level 6. HP: 50/50 MP: 8/14
  3952 | D:4      | Learned a level 4 spell: Hailstorm
  3972 | D:4      | Reached skill level 3 in Fighting
  4013 | D:4      | Reached skill level 5 in Ice Magic
  4080 | D:4      | Reached skill level 1 in Conjurations
  4121 | D:4      | You fall into a shaft and drop 3 floors!
  4205 | D:7      | Reached XP level 7. HP: 57/57 MP: 7/16
  4310 | D:7      | Noticed Maggie
  4325 | D:7      | Killed Maggie
  4326 | D:7      | Reached skill level 4 in Fighting
  4437 | D:7      | Found a flagged portal.
  4443 | D:7      | Found a staircase to the Ecumenical Temple.
  4446 | Bailey   | Entered a bailey
  5128 | Bailey   | Reached XP level 8. HP: 44/67 MP: 18/18
  5979 | Bailey   | Noticed an orc knight
  6028 | Bailey   | Killed an orc knight
  6029 | Bailey   | Reached skill level 5 in Fighting
  6029 | Bailey   | Reached skill level 5 in Spellcasting
  6030 | Bailey   | Reached skill level 6 in Fighting
  6378 | Bailey   | Identified the +8 bardiche "Xuxubris" {freeze, rC+++ rN+
                  | Will+ Str-2}
  6476 | D:7      | Reached XP level 9. HP: 78/78 MP: 21/21
  6529 | Temple   | Entered the Ecumenical Temple
  6589 | D:7      | Noticed a cyclops
  6651 | D:6      | Found a runed translucent door.
  6662 | D:6      | Reached skill level 7 in Fighting
  6787 | D:6      | Noticed KristoblXynda's ghost (novice GnGl)
  6799 | D:6      | Killed KristoblXynda's ghost
  6800 | D:6      | Reached skill level 8 in Fighting
  6806 | D:6      | Found a runed translucent door.
  6980 | D:5      | Entered Level 5 of the Dungeon
  7071 | D:5      | Found a glowing drain.
  7075 | Sewer    | Entered a sewer
  7838 | D:5      | Found a transporter.
  7839 | D:5      | Noticed anet's ghost (weakling GnDe)
  7841 | D:5      | Found a transporter.
  7851 | D:5      | Killed anet's ghost
  7853 | D:5      | Reached skill level 9 in Fighting
  8596 | D:3      | Killed Musti's ghost
  8597 | D:3      | Reached XP level 10. HP: 65/91 MP: 12/24
  9753 | D:7      | Killed a cyclops
 10012 | D:7      | Reached skill level 10 in Fighting
 10415 | D:7      | Noticed a cyclops
 10420 | D:7      | Killed a cyclops
 11743 | D:8      | Reached skill level 11 in Fighting
 11763 | D:8      | Reached skill level 1 in Armour
 12513 | D:9      | Noticed a two-headed ogre
 12530 | D:9      | Killed a two-headed ogre
 12531 | D:9      | Reached XP level 11. HP: 93/102 MP: 21/27
 13120 | D:10     | Entered Level 10 of the Dungeon
 13164 | D:10     | Got Guetiytz's Disquisition on Excruciating Hexes
 13191 | D:10     | Noticed a two-headed ogre
 13199 | D:10     | Killed a two-headed ogre
 13254 | D:10     | Noticed Harold
 13255 | D:10     | Found a staircase to the Lair.
 13267 | D:10     | Killed Harold
 13268 | D:10     | Reached skill level 10 in Ice Magic
 13585 | D:10     | Found Segelofe's Distillery.
 13600 | D:10     | Bought a potion of lignification for 45 gold pieces
 13600 | D:10     | Bought a potion of resistance for 150 gold pieces
 13811 | D:10     | Reached skill level 12 in Fighting
 13951 | D:10     | Noticed Erica
 13969 | D:10     | Killed Erica
 14640 | D:11     | Found a staircase to the Orcish Mines.
 15453 | D:12     | Found a runed translucent door.
 15453 | D:12     | Noticed KristoblXynda's ghost (journeyman KoGl)
 15724 | D:12     | Noticed a fire crab
 15730 | D:12     | Killed a fire crab
 16068 | D:12     | Found a portal to a secret trove of treasure.
 16089 | D:12     | Noticed a six-headed hydra
 16095 | D:12     | Killed a six-headed hydra
 16261 | D:12     | Noticed a two-headed ogre
 16262 | D:12     | Reached skill level 13 in Fighting
 16269 | D:12     | Killed a two-headed ogre
 16270 | D:12     | Reached XP level 12. HP: 62/115 MP: 18/29
 16567 | D:12     | Noticed a boulder beetle
 16656 | D:12     | Killed a boulder beetle
 16783 | D:12     | Noticed a six-headed hydra
 16796 | D:12     | Killed a six-headed hydra
 17154 | D:11     | Killed KristoblXynda's ghost
 17439 | Lair:1   | Entered Level 1 of the Lair of Beasts
 17837 | Lair:1   | Reached skill level 5 in Dodging
 17908 | Lair:1   | Noticed a four-headed hydra
 17915 | Lair:1   | Killed a four-headed hydra
 18211 | Lair:1   | Reached skill level 10 in Spellcasting
 18677 | Lair:2   | Noticed a seven-headed hydra
 18686 | Lair:2   | Killed a seven-headed hydra
 18687 | Lair:2   | Reached skill level 14 in Fighting
 18856 | Lair:2   | Noticed a catoblepas
 18871 | Lair:2   | Killed a catoblepas
 19602 | Lair:3   | Noticed a six-headed hydra
 19635 | Lair:3   | Killed a six-headed hydra
 19636 | Lair:3   | Reached skill level 1 in Shields
 19636 | Lair:3   | Reached XP level 13. HP: 92/124 MP: 28/32
 19642 | Lair:3   | Reached skill level 5 in Armour
 20083 | Lair:3   | Found a staircase to the Swamp.
 21029 | Lair:4   | Noticed Sonja
 21038 | Lair:4   | Killed Sonja
 21187 | Lair:4   | Found a hole to the Spider Nest.
 21798 | Lair:5   | Found a staircase to the Slime Pits.
 23194 | Lair:6   | Entered Level 6 of the Lair of Beasts
 23256 | Lair:6   | Found a runed translucent gate.
 23256 | Lair:6   | Found a runed translucent gate.
 23257 | Lair:6   | Found a runed translucent gate.
 23276 | Lair:6   | Noticed a minotaur
 23288 | Lair:6   | Reached XP level 14. HP: 101/133 MP: 32/34
 23615 | Lair:6   | Reached skill level 15 in Fighting
 23779 | Lair:6   | Noticed Zueceuk's ghost (journeyman HOFi)
 24975 | Lair:6   | Identified the +3 leather armour "Caehuoh" {Harm rC+
                  | Slay+2}
 25051 | Lair:6   | Reached skill level 5 in Conjurations
 26123 | Lair:6   | Killed Zueceuk's ghost
 26733 | D:13     | Noticed Snorg
 26752 | D:13     | Killed Snorg
 27245 | D:14     | Found a gate to the Vaults.
 27295 | D:14     | HP: 4/135 [mirror damage (25)]
 27712 | D:14     | Reached skill level 5 in Shields
 27712 | D:14     | Reached XP level 15. HP: 66/141 MP: 21/36
 27769 | D:15     | Entered Level 15 of the Dungeon
 28903 | Orc:1    | Entered Level 1 of the Orcish Mines
 28988 | Orc:1    | Found Atoasm's Jewellery Shoppe.
 29087 | Orc:1    | Noticed Maurice
 29134 | Orc:1    | Killed Maurice
 29551 | Orc:2    | Entered Level 2 of the Orcish Mines
 29866 | Orc:2    | Found Muved's Distillery.
 29870 | Orc:2    | Found Ozazoh's Weapon Emporium.
 30030 | Orc:2    | Found Xeptucsa's Assorted Antiques.
 30040 | Orc:2    | Bought a scroll of teleportation for 81 gold pieces
 30046 | Orc:2    | Found Gidwog's Magic Scroll Emporium.
 30063 | Orc:2    | Bought a scroll of fog for 34 gold pieces
 30063 | Orc:2    | Acquired the +3 helmet of Tiukasen {rF++ Will- Int+4}
 30070 | Orc:2    | Acquired 684 gold pieces
 30074 | Orc:2    | Acquired the Tome of Earthen Snow
 30086 | Orc:2    | Learned a level 7 spell: Ozocubu's Refrigeration
 30211 | Orc:2    | Found a staircase to the Elven Halls.
 30826 | D:15     | Noticed Louise
 30838 | D:15     | Killed Louise
 31435 | D:15     | Found a staircase to the Depths.
 32405 | Spider:1 | Entered Level 1 of the Spider Nest
 32647 | Spider:1 | Reached skill level 16 in Fighting
 32647 | Spider:1 | Reached skill level 1 in Maces & Flails
 33514 | Spider:2 | You fall into a shaft and drop 1 floor!
 33691 | Spider:2 | Reached XP level 16. HP: 151/151 MP: 33/38
 33700 | Spider:2 | Noticed Mlioglotl
 33733 | Spider:2 | HP: 3/151 [Mlioglotl (8)]
 34339 | Spider:2 | Killed Mlioglotl
 35879 | Spider:3 | HP: 3/151 [poisoned by an emperor scorpion]
 35880 | Spider:3 | Succumbed to an emperor scorpion's poison

Illustrated notes

Levels and vault maps discovered:
D:1:      dpeg_arrival_shelter, layout_loops_corners
D:2:      layout_basic, chequers_ecumenical_altar_lobes
D:3:      layout_basic, cheibriados_altar_1, gammafunk_ghost_nasty_kobolds,
          kennysheep_pointless_box, kennysheep_minor_cross
D:4:      layout_rooms, nicolae_vehumet_altar_sigil, lemuel_round_altar,
          kennysheep_generic_room_11
D:5:      layout_rooms, gup_sewer_entry_bowl, gammafunk_ghost_mausoleum
D:6:      layout_loops_ring, lemuel_crystal_altar,
          minmay_overflow_temple_star_quad, ebering_ghost_sewer_f,
          kennysheep_cluttered_room, nrook_mini_vaults,
          minmay_misc_feat_four_crosses
D:7:      minmay_s_stair_smasher, layout_layer_cave, minmay_temple_entry_trees,
          enter_bailey_1, uniq_maggie
D:8:      layout_basic
D:9:      layout_gridville, mainiacjoe_overflow_cross_hatched, serial_glass,
          glass_columns_a, glass_columns_a
D:10:     layout_grid_maze, lair_entry_dummy, serial_shops, nicolae_shop_trees,
          uniq_harold, uniq_erica
D:11:     layout_basic, david_orc_1_choice, serial_rivers,
          chequers_serial_rivers_marsh, chequers_serial_rivers_room_b,
          chequers_serial_rivers_room_a, chequers_serial_rivers_micro_b
D:12:     layout_roguey, ebering_ghost_inner_flame,
          nicolae_trove_entry_crossroad, nrook_uturn
D:13:     layout_gridville, trog_hazing_becter, uniq_snorg
D:14:     layout_loops_ring, lightli_vaults_fourway_checkpoint, serial_bayou,
          serial_bayou_pond_a, serial_bayou_pond_e, serial_bayou_crossing,
          serial_bayou_pond_e, serial_bayou_shore_b, serial_bayou_pond_c,
          serial_park_gazebo [serial_park_minivault_5x5_7]
D:15:     grunt_enter_depths_magical_seal, layout_layer_cave,
          old_standard_altar, uniq_louise
Temple:   nicolae_temple_great_sept
Lair:1:   layout_regular_city, basic_altar, grunt_megastairs_3
Lair:2:   layout_misc_corridors, chequers_serial_rivers_micro_a
Lair:3:   layout_misc_corridors, palyth_hydra_swamp_entry, serial_bayou_shore_b
Lair:4:   layout_loops_ring, spider_nest_entry_funnel_web, grunt_megastairs_2,
          uniq_sonja
Lair:5:   layout_roguey, slime_altar_1, chequers_serial_rivers_large_a,
          minivault_24
Lair:6:   minmay_lair_end_enchanted_forest, layout_regular_city,
          maelrawn_ghost_gauntlet_escape
Spider:1: layout_spider_delve
Spider:2: layout_chambers, hangedman_spider_tarantella_strand, uniq_mlioglotl
Spider:3: layout_spider_delve
Orc:1:    layout_diamond_mine, basic_altar, serial_shops, shop,
          nicolae_orc_damp_corner, david_defended_altar_orc, uniq_maurice
Orc:2:    st_orc_town, layout_diamond_mine, nicolae_orc_bridge_out

Skill      XL: |  1  2  3  4  5  6  7  8  9 10 11 12 13 14 15 16 |
---------------+-------------------------------------------------+-----
Spellcasting   | 2 3 4 5 7 8 9 10 11 12 | 12.8
Fighting       | 1 2 3 4 6 9 11 13 14 15 16 | 16.1
Dodging        | 2 3 4 5 6 7 8 9 |  9.0
Ice Magic      | 4 5 7 8 9 10 11 12 13 14 | 14.7
Conjurations   | 1 3 4 5 |  5.0
Armour         | 1 3 4 6 7 8 |  8.5
Shields        | 1 4 5 7 8 |  8.3
Maces & Flails | 2 3 |  3.8
Stealth        | |  1.7

Action                   |  1- 3 |  4- 6 |  7- 9 | 10-12 | 13-15 | 16-18 || total
-------------------------+-------+-------+-------+-------+-------+-------++-------
Melee: Short sword       |     6 |       |       |       |       |       ||     6
       Dagger            |    25 |    39 |    16 |       |       |       ||    80
       Spear             |       |    15 |       |    67 |   803 |       ||   885
       Bardiche          |       |       |    97 |   317 |       |       ||   414
       Eveningstar       |       |       |       |       |    60 |    72 ||   132
 Fire: Arbalest          |       |       |    35 |       |       |       ||    35
Throw: Dart              |       |       |       |    25 |     9 |       ||    34
 Cast: Freeze            |    53 |    44 |    89 |    72 |   101 |       ||   359
       Frozen Ramparts   |     2 |    13 |    18 |    56 |   121 |     8 ||   218
       Ozocubu's Armour  |       |     9 |    19 |    60 |   116 |    11 ||   215
       Hailstorm         |       |       |     3 |    18 |   205 |    12 ||   238
       Ozocubu's Refrige |       |       |       |       |     1 |    10 ||    11
Evoke: Wand              |       |       |       |       |     1 |       ||     1
  Use: Scroll            |       |     6 |     4 |     9 |    16 |     6 ||    41
       Potion            |       |       |     1 |       |     2 |     2 ||     5
 Stab: Sleeping          |     4 |     2 |     1 |     7 |     3 |       ||    17
       Petrified         |       |       |       |     1 |       |       ||     1
       Paralysed         |       |       |       |       |     4 |       ||     4
       Distracted        |       |       |       |       |     7 |     2 ||     9
Armor: Robe              |     3 |       |       |       |       |       ||     3
       Leather armour    |    11 |    42 |    18 |       |       |       ||    71
       Steam dragon scal |       |       |   113 |   296 |   379 |       ||   788
       Troll leather arm |       |       |       |       |   295 |    71 ||   366
Dodge: Dodged            |    38 |    56 |   181 |   355 |   751 |    75 ||  1456
Block: Buckler           |       |       |       |     3 |   231 |       ||   234
       Kite shield       |       |       |       |       |   184 |    77 ||   261

Table legend: (Time is in decaauts)
 A = Elapsed time spent in this place.
 B = Non-inter-level travel time spent in this place.
 C = Inter-level travel time spent in this place.
 D = Time resting spent in this place.
 E = Time spent auto-exploring this place.
 F = Levels seen in this place.
 G = Mean time per level.
                   A        B        C        D        E       F      G
               +--------+--------+--------+--------+--------+-----+--------+
         Total |  36908 |  34373 |   2535 |  10697 |  14606 |  29 | 1272.7 |
       Dungeon |  19832 |  18351 |   1481 |   5399 |   8424 |  15 | 1322.1 |
        Temple |     20 |     14 |      6 |      0 |      0 |   1 |   20.0 |
          Lair |   9520 |   8784 |    736 |   3420 |   3130 |   6 | 1586.7 |
   Spider Nest |   2794 |   2558 |    236 |    457 |   1433 |   3 |  931.3 |
  Orcish Mines |   1747 |   1671 |     76 |     96 |    988 |   2 |  873.5 |
         Sewer |    808 |    808 |      0 |      5 |    485 |   1 |  808.0 |
        Bailey |   2184 |   2184 |      0 |   1319 |    144 |   1 | 2184.0 |
               +--------+--------+--------+--------+--------+-----+--------+

Top non-repeatable levels by time:
  Lair:6: 2742 daAuts
  Bailey: 2184 daAuts
     D:7: 2017 daAuts
  Lair:4: 1939 daAuts
    D:14: 1824 daAuts
    D:12: 1775 daAuts
    D:11: 1718 daAuts
    D:15: 1645 daAuts
Spider:2: 1622 daAuts
     D:6: 1426 daAuts
    D:10: 1385 daAuts
     D:1: 1380 daAuts
     D:3: 1379 daAuts
  Lair:5: 1341 daAuts
  Lair:2: 1204 daAuts
